 Dungeon Crawl Stone Soup version 0.27-a0-887-gcab673c142 (webtiles) character file.

Game seed: 18033310886651138873

400 spiderkeys the Insei (level 6, -18/42 HPs)
             Began as an Octopode Transmuter on Apr 5, 2021.
             Demolished by a shadow (29 damage)
             ... on level 4 of the Dungeon.
             The game lasted 00:07:56 (6896 turns).

spiderkeys the Insei (Octopode Transmuter)          Turns: 6896, Time: 00:07:57

Health: -18/42     AC:  2    Str: 10    XL:     6   Next: 84%
Magic:  6/9        EV: 20    Int: 15    God:
Gold:   243        SH:  0    Dex: 19    Spells: 5/9 levels left

rFire    . . .     SeeInvis .     - Unarmed
rCold    . . .     Faith    .   (shield currently unavailable)
rNeg     . . .     Spirit   .   (helmet currently unavailable)
rPois    x         Reflect  .   (no amulet)
rElec    .         Harm     .   (no ring)
rCorr    .         Rampage  .   (no ring)
Will     .....                  (no ring)
Stlth    ++........             (no ring)
HPRegen  0.14/turn              (no ring)
MPRegen  0.11/turn              (no ring)
                                (no ring)
                                (no ring)

@: spider-form (expiring)
A: venomous fangs, almost no armour, (amphibious), 8 rings, tiny, (camouflage
1), (gelatinous body 1), (nimble swimmer 1), (tentacles)
a: End Transformation


You were on level 4 of the Dungeon.
You were a venomous arachnid creature.
You visited 1 branch of the dungeon, and saw 4 of its levels.

You collected 243 gold pieces.

Inventory:

Missiles
 c - 7 curare-tipped darts
Scrolls
 b - a scroll of identify
 d - a scroll of teleportation {unknown}
 g - a scroll of fog {unknown}
 i - a scroll of blinking {unknown}
 j - a scroll of magic mapping {unknown}
Potions
 a - a potion of lignification
 e - a potion of might {unknown}
 f - 2 potions of heal wounds {unknown}
 h - a potion of berserk rage {unknown}
 k - a potion of brilliance {unknown}


   Skills:
 + Level 3.4 Fighting
 + Level 2.8 Dodging
 + Level 4.8 Unarmed Combat
 - Level 2.0 Spellcasting
 - Level 4.3 Transmutations


You had 5 spell levels left.
You knew the following spells:

 Your Spells              Type           Power      Damage    Failure   Level
a - Beastly Appendage     Tmut           28%        N/A       12%         1
b - Spider Form           Tmut/Pois      4%         N/A       47%         3

Your spell library contained the following spells:

 Spells                   Type           Power      Damage    Failure   Level
 Wereblood                Tmut           14%        N/A       16%         2
 Confusing Touch          Hex            1%         N/A       75%         3
 Gell's Gravitas          Tloc           0%         N/A       75%         3
 Ice Form                 Ice/Tmut       8%         N/A       83%         4
 Petrify                  Tmut/Erth      8%         N/A       83%         4
 Hydra Form               Tmut           7%         N/A       87%         5
 Yara's Violent Unravell  Hex/Tmut       4%         3d4       98%         5
 Metabolic Englaciation   Hex/Ice        0%         N/A       100%        5


Dungeon Overview and Level Annotations

Branches:
Dungeon (4/15)
 Temple: D:4-7

Altars:

Shops:
D:4 ((

Annotations:
D:4 2 transporters


Innate Abilities, Weirdness & Mutations

You are a venomous arachnid creature.
You have poisonous fangs.
You are tiny and dextrous.
Your spellcasting is less reliable in this form.
Your armour is entirely melded.
You are incapable of wielding weapons or throwing items.
You cannot wear most types of armour.
((You are amphibious.))
You can wear up to eight rings at the same time.
((Your skin changes colour to match your surroundings (Stealth+).))
((Your rubbery body absorbs attacks. (AC +1, EV +1)))
((You are camouflaged near water. (Stealth+)))
((You have tentacles for arms and can constrict up to eight enemies at once.))


Message History

The shadow flickers and vanishes!
Deactivating autopickup; reactivate with Ctrl-A.
Found 11 gold pieces, 2 puce potions and a golden potion.
Found a stone staircase leading down.
Casting: Spider Form (quite dangerous; 26% risk of failure)
Confirm with . or Enter, or press ? or * to list all spells.
The spell is quite dangerous to cast (26% risk of failure)!
Continue anyway?
You turn into a venomous arachnid creature.
The shadow strikes at you from the darkness!
Reactivating autopickup.
You bite the shadow!
The shadow is moderately damaged.
The shadow slips into darkness.
The shadow flickers and vanishes!
Deactivating autopickup; reactivate with Ctrl-A.
No target in view!
No target in view!
No target in view!
You hit something.
The shadow strikes at you from the darkness!
Reactivating autopickup.
You hit the shadow.
The shadow is heavily damaged.
The shadow hits you!
* * * LOW HITPOINT WARNING * * *
You barely miss the shadow.
The shadow is heavily damaged.
Your transformation is almost over.
You hit the shadow but do no damage.
The shadow is heavily damaged.
The shadow completely misses you.
You bite the shadow!
The shadow is severely damaged.
The shadow slips into darkness.
The shadow flickers and vanishes!
Deactivating autopickup; reactivate with Ctrl-A.
You hit something but do no damage.
The shadow strikes at you from the darkness!
Ouch! That really hurt!
You die...

##..##.#######
#..##........##
##.##..........##
#..#............#
##..#........)...##
#..#†..########^..#
##.##..##.8..8..#..##
#..#..##.{......##..#
#.##.##.s#.####..##.##
#.#..#..##$.≈ ##..#..#
#####.#.##.## ....≈##.##.#
#.....#.#..# #⌠{#.h#..#.#
#....##.#..# #!>#$.#..#.#
#....##)##.## .....##.##.#
#....##..#..##K!§.##..#..#
#....###.##..######..##.##
#####....###..##........##..#


There were no monsters in sight!

Vanquished Creatures
  A scorpion (D:4)
  A hound (D:4)
  2 orc wizards (D:4)
  7 gnolls
  4 adders
  2 ufetubi (D:4)
  An adder skeleton (D:4)
  5 worms
  6 dart slugs
  5 orcs
  6 bats
  15 endoplasms
  A giant cockroach (D:3)
  7 goblins
  7 hobgoblins
  14 jackals
  3 quokkas
  5 ball pythons
  5 frilled lizards
  12 kobolds
  6 rats
115 creatures vanquished.

Notes
Turn   | Place    | Note
-------+----------+-------------------------------------------
     0 | D:1      | spiderkeys the Octopode Transmuter began the quest for the
                  | Orb.
     0 | D:1      | Reached XP level 1. HP: 13/13 MP: 3/3
   432 | D:1      | Reached XP level 2. HP: 18/18 MP: 3/5
   752 | D:1      | Reached XP level 3. HP: 23/23 MP: 4/6
  1295 | D:1      | Found a faded altar of an unknown god.
  1888 | D:2      | Reached XP level 4. HP: 10/28 MP: 5/7
  3662 | D:3      | Reached XP level 5. HP: 19/34 MP: 6/8
  4398 | D:4      | Found a transporter.
  5101 | D:4      | Reached XP level 6. HP: 28/41 MP: 7/9
  5631 | D:4      | Found Raw Hosch's Antique Weapon Shop.
  5773 | D:4      | Learned a level 3 spell: Spider Form
  5899 | D:4      | Found Eviceg's Antique Weapon Shop.
  6126 | D:4      | Found a transporter.
  6886 | D:4      | Noticed a shadow
  6896 | D:4      | Demolished by a shadow

Illustrated notes

Levels and vault maps discovered:
D:1:      elethiomel_arrival_maze, layout_basic,
          ebering_ecumenical_altar_sacrificial
D:2:      minmay_diamond_boxcup, layout_loops_corners, minivault_23, st_stairs_1
D:3:      layout_basic
D:4:      gammafunk_steamed_eel, layout_basic, serial_shops,
          nicolae_shop_statue_plus, shop_fountains, nzn_random_ring

Skill      XL: |  1  2  3  4  5  6 |
---------------+-------------------+-----
Unarmed Combat | 4 |  4.8
Transmutations | 3 4 |  4.3
Fighting       | 2 3 |  3.4
Dodging        | |  2.8
Spellcasting   | |  2.0

Action                   |  1- 3 |  4- 6 || total
-------------------------+-------+-------++-------
Melee: Unarmed           |    83 |   204 ||   287
       Kick              |    20 |    48 ||    68
       Constrict         |    22 |    43 ||    65
       Tentacles         |    12 |    24 ||    36
       Punch             |     1 |     6 ||     7
 Cast: Beastly Appendage |    22 |    41 ||    63
       Spider Form       |       |     5 ||     5
  Use: Scroll            |       |     4 ||     4
 Stab: Sleeping          |     7 |     9 ||    16
Armor: Skin              |     9 |    12 ||    21
Dodge: Dodged            |    54 |   113 ||   167

Table legend: (Time is in decaauts)
 A = Elapsed time spent in this place.
 B = Non-inter-level travel time spent in this place.
 C = Inter-level travel time spent in this place.
 D = Time resting spent in this place.
 E = Time spent auto-exploring this place.
 F = Levels seen in this place.
 G = Mean time per level.
                   A        B        C        D        E       F      G
               +--------+--------+--------+--------+--------+-----+--------+
         Total |   6873 |   6787 |     86 |    208 |   5877 |   4 | 1718.2 |
       Dungeon |   6873 |   6787 |     86 |    208 |   5877 |   4 | 1718.2 |
               +--------+--------+--------+--------+--------+-----+--------+

Top non-repeatable levels by time:
     D:4: 2500 daAuts
     D:2: 1922 daAuts
     D:1: 1548 daAuts
     D:3: 902 daAuts
